 Dungeon Crawl Stone Soup version 0.30.1-11-g7821555f0a (webtiles) character file.

Game seed: 9607423969947850897

666598 ritesign the Archmage (level 27, -11/125 HPs)
             Began as a Deep Elf Conjurer on Jan 12, 2024.
             Was a High Priest of Sif Muna.
             Killed by miscasting Lehudib's Crystal Spear (25 damage)
             ... on level 5 of the Realm of Zot.
             The game lasted 08:15:36 (104141 turns).

ritesign the Archmage (Deep Elf Conjurer)         Turns: 104141, Time: 08:15:37

Health: -11/125    AC: 22    Str: 10 (12) XL:     27
Magic:  40/61      EV: 29    Int: 39 (40) God:    Sif Muna [*****.]
Gold:   5767       SH: 33    Dex: 26 (27) Spells: 0/80 levels left

rFire   + + .        V - +3 Elemental Staff {rElec rF+ rC+ AC+3}
rCold   + . .        Y - +10 tower shield of Ignorance {rN+ Int-4}
rNeg    + . .        S - +2 leather armour of Vlad {rPois Dex+2 Stlth+}
rPois   +            v - +2 hat {Will+}
rElec   +            Q - +1 cloak of Starlight {*Dazzle EV+4 Stlth--}
rCorr   .            F - +2 pair of gloves of the Endless Expanse {+Inv rF- Regen+ Dex+6}
SInv    .            U - +4 pair of boots of Raucw {*Slow rF+ Regen+}
Will    ++++.        a
                       - Hermit's Pendant {Faith Invo=14 Evo=0 MP+5}
Stlth   +++          I - ring "Jumot" {Will+ Str+4 Int+2 Dex+6}
HPRegen 2.00/turn    T - ring of Daffodils {rF+ Str+4 Int+6}
MPRegen 0.37/turn

%: random rage (3%), slow self (1%), faith
@: very slightly contaminated, studying 2 skills, unable to read
A: horns 1, iridescent scales 1, berserk 1, deformed body, dopey 1, frail 2,
subdued magic 1, inability to read after injury 1, MP-powered wands
}: 5/15 runes: barnacled, slimy, silver, abyssal, gossamer
a: Renounce Religion, Evoke Invisibility, Channel Magic, Forget Spell, Divine
Exegesis


You were on level 5 of the Realm of Zot.
You worshipped Sif Muna.
Sif Muna was extremely pleased with you.
You visited 13 branches of the dungeon, and saw 57 of its levels.
You visited the Abyss 4 times.
You also visited: Trove, Gauntlet and Ice Cave.

You collected 18764 gold pieces.
You spent 7136 gold pieces at shops.
You paid 5861 gold pieces to Gozag.

Inventory:

Hand Weapons
 V - the +3 Elemental Staff (weapon) {rElec rF+ rC+ AC+3}
   (You found it on level 3 of the Elven Halls)

   It enhances your fire, ice, earth and air magic.
   AC:        It affects your AC (+3).
   rF:        It protects you from fire.
   rC:        It protects you from cold.
   rElec:     It insulates you from electricity.
Missiles
 s - 13 throwing nets
Armour
 g - a +2 helmet of see invisible
 v - a +2 hat of willpower (worn)
 F - the +2 pair of gloves of the Endless Expanse (worn) {+Inv rF- Regen+ Dex+6}
   (You acquired it on level 1 of the Orcish Mines)

   Dex:       It affects your dexterity (+6).
   rF:        It makes you vulnerable to fire.
   +Inv:      It lets you turn invisible.
   Regen:     It increases your rate of health regeneration.
 Q - the +1 cloak of Starlight (worn) {*Dazzle EV+4 Stlth--}
   (You acquired it on level 1 of the Spider Nest)

   *Dazzle:   It may blind those who miss an attack against the wearer in melee
   combat.
   EV:        It affects your evasion (+4).
   Stlth:     It makes you much less stealthy.
 S - the +2 leather armour of Vlad (worn) {rPois Dex+2 Stlth+}
   (You bought it in a shop on level 2 of the Orcish Mines)

   Dex:       It affects your dexterity (+2).
   rPois:     It protects you from poison.
   Stlth:     It makes you more stealthy.
 U - the +4 pair of boots of Raucw (worn) {*Slow rF+ Regen+}
   (You bought it in a shop on level 2 of the Vaults)

   rF:        It protects you from fire.
   Regen:     It increases your rate of health regeneration.
   *Slow:     It may slow you when you take damage.
 Y - the +10 tower shield of Ignorance (worn) {rN+ Int-4}
   (You found it on level 4 of the Shoals)

   Int:       It affects your intelligence (-4).
   rN:        It protects you from negative energy.
Jewellery
 a - the Hermit's Pendant (around neck) {Faith Invo=14 Evo=0 MP+5}
   (You found it on level 6 of the Dungeon)

   [amulet of faith]

   Invo=14: It sets your Invocations skill to 14.
   Evo=0: It sets your Evocations skill to 0.
   It allows you to gain divine favour quickly.
   MP:        It affects your magic capacity (+5).
 e - the ring "Vado" {rCorr Dex+6 SInv}
   (You took it off a vampire knight on level 3 of the Depths)

   [ring of see invisible]

   Dex:       It affects your dexterity (+6).
   SInv:      It lets you see invisible.
   rCorr:     It protects you from acid and corrosion.
 r - the ring of Sitiylio {Fly rElec rN+++ MP+9 Dex-3}
   (You found it on level 5 of the Pits of Slime)

   [ring of flight]

   Dex:       It affects your dexterity (-3).
   rElec:     It insulates you from electricity.
   rN:        It renders you almost immune to negative energy.
   MP:        It affects your magic capacity (+9).
   Fly:       It grants you flight.
 x - an amulet of magic regeneration
 I - the ring "Jumot" (left hand) {Will+ Str+4 Int+2 Dex+6}
   (You found it on level 3 of the Crypt)

   [ring of dexterity]

   Str:       It affects your strength (+4).
   Int:       It affects your intelligence (+2).
   Dex:       It affects your dexterity (+6).
   Will:      It increases your willpower.
 T - the ring of Daffodils (right hand) {rF+ Str+4 Int+6}
   (You bought it in a shop on level 2 of the Orcish Mines)

   [ring of intelligence]

   Str:       It affects your strength (+4).
   Int:       It affects your intelligence (+6).
   rF:        It protects you from fire.
Wands
 c - a wand of charming (42)
 q - a wand of digging (43)
 C - a wand of mindburst (29)
 K - a wand of polymorph (61)
 L - a wand of acid (43)
 O - a wand of roots (45)
Scrolls
 d - 5 scrolls of silence
 i - 14 scrolls of fear
 m - 8 scrolls of blinking
 w - 37 scrolls of teleportation
 y - 11 scrolls of immolation
 A - 11 scrolls of vulnerability
 B - 12 scrolls of poison
 D - 2 scrolls of torment
 E - 3 scrolls of butterflies
 G - 13 scrolls of fog
 H - 16 scrolls of magic mapping
Potions
 b - 2 potions of magic
 h - 24 potions of curing
 k - 13 potions of lignification
 l - 13 potions of ambrosia
 o - 8 potions of haste
 p - 3 potions of cancellation
 t - 11 potions of heal wounds
 u - 12 potions of brilliance
 z - 16 potions of attraction
 P - 11 potions of might
 R - 2 potions of berserk rage {unknown}
 W - 10 potions of flight
 X - 2 potions of invisibility
 Z - 5 potions of resistance
Miscellaneous
 f - a phial of floods (inert)
 j - a box of beasts
 n - the horn of Geryon
 M - a lightning rod (4/4)
 N - a phantom mirror


   Skills:
 - Level 12.2 Fighting
 - Level 7.0 Armour
 - Level 17.1 Dodging
 - Level 6.0 Stealth
 - Level 16.4 Shields
 O Level 27 Spellcasting
 + Level 21.2 Conjurations
 - Level 13.0 Hexes
 * Level 5.0 Summonings
 - Level 10.0 Necromancy
 - Level 7.0 Translocations
 - Level 5.0 Transmutations
 O Level 27 Fire Magic
 - Level 3.0 Air Magic
 + Level 12.0 Earth Magic
 - Level 5.0(0.0) Evocations


You couldn't memorise any spells.
You knew the following spells:

 Your Spells              Type           Power      Damage    Failure   Level
a - Spellforged Servitor  Conj/Summ      43%        N/A       6%          7
b - Lehudib's Crystal Sp  Conj/Erth      59%        10d14     12%         8
c - Iskenderun's Mystic   Conj/Tloc      90%        2d18      1%          4
d - Fulminant Prism       Conj/Hex       48%        3d21      0%          4
e - Tukima's Dance        Hex            87%        N/A       0%          3
f - Starburst             Conj/Fire      67%        6d18      0%          6
g - Ignition              Fire           70%        3d19      1%          8
i - Blink                 Tloc           100%       N/A       1%          2
j - Yara's Violent Unrav  Hex/Tmut       38%        3d15      1%          5
k - Passage of Golubria   Tloc           70%        N/A       1%          4
l - Dispel Undead         Necr           79%        3d26      1%          4
m - Swiftness             Air            73%        N/A       1%          3
n - Borgnjor's Vile Clut  Necr/Erth      51%        N/A       1%          5
o - Lee's Rapid Deconstr  Erth           53%        3d25*     1%          5
p - Sublimation of Blood  Necr           79%        N/A       1%          2
q - Fire Storm            Conj/Fire      67%        8d17      8%          9
z - Apportation           Tloc           100%       N/A       1%          1

Your spell library contained the following spells:

 Spells                   Type           Power      Damage    Failure   Level
 Foxfire                  Conj/Fire      100%       2x1d9     0%          1
 Kiss of Death            Conj/Necr      100%       2d13      0%          1
 Magic Dart               Conj           100%       1d8       0%          1
 Necrotise                Necr           100%       1d9       0%          1
 Sandblast                Erth           100%       2d20      0%          1
 Shock                    Conj/Air       100%       1d9       0%          1
 Slow                     Hex            100%       N/A       0%          1
 Momentum Strike          Conj/Tloc      100%       3d10      0%          2
 Scorch                   Fire           100%       2d9       0%          2
 Searing Ray              Conj           100%       2d8       0%          2
 Static Discharge         Conj/Air       100%       2-7/arc   0%          2
 Confusing Touch          Hex            87%        N/A       0%          3
 Dazzling Flash           Conj/Hex       100%       N/A       0%          3
 Inner Flame              Hex/Fire       100%       N/A       0%          3
 Stone Arrow              Conj/Erth      100%       3d13      0%          3
 Volatile Blastmotes      Fire/Tloc      100%       2d18      0%          3
 Flame Wave               Conj/Fire      100%       2d21      0%          4
 Sticky Flame             Conj/Fire      100%       2d11      0%          4
 Fireball                 Conj/Fire      67%        3d25      0%          5
 Iskenderun's Battlesphe  Conj           100%       2d15      0%          5
 Beastly Appendage        Tmut           100%       N/A       1%          1
 Freeze                   Ice            100%       1d10      1%          1
 Sting                    Tmut/Pois      100%       1d8       1%          1
 Summon Small Mammal      Summ           100%       N/A       1%          1
 Call Imp                 Summ           100%       N/A       1%          2
 Cigotuvi's Dreadful Rot  Necr/Pois/Air  100%       N/A       1%          2
 Ensorcelled Hibernation  Hex/Ice        100%       N/A       1%          2
 Lesser Beckoning         Tloc           100%       N/A       1%          2
 Passwall                 Tmut/Erth      79%        N/A       1%          2
 Poisonous Vapours        Pois/Air       100%       N/A       1%          2
 Wereblood                Tmut           63%        N/A       1%          2
 Call Canine Familiar     Summ           63%        N/A       1%          3
 Gell's Gravitas          Tloc           70%        N/A       1%          3
 Hailstorm                Conj/Ice       100%       3d20      1%          3
 Ignite Poison            Fire/Tmut/Pois 100%       N/A       1%          3
 Mephitic Cloud           Conj/Pois/Air  93%        N/A       1%          3
 Portal Projectile        Hex/Tloc       100%       N/A       1%          3
 Spider Form              Tmut/Pois      53%        N/A       1%          3
 Summon Guardian Golem    Hex/Summ       76%        N/A       1%          3
 Teleport Other           Tloc           70%        N/A       1%          3
 Vampiric Draining        Necr           79%        2d11      1%          3
 Vhi's Electric Charge    Tloc/Air       100%       N/A       1%          3
 Anguish                  Hex/Necr       41%        N/A       1%          4
 Animate Armour           Summ/Erth      100%       N/A       1%          4
 Animate Dead             Necr           79%        N/A       1%          4
 Cause Fear               Hex            43%        N/A       1%          4
 Leda's Liquefaction      Hex/Erth       54%        N/A       1%          4
 Manifold Assault         Tloc           70%        N/A       1%          4
 Petrify                  Tmut/Erth      95%        N/A       1%          4
 Agony                    Necr           79%        N/A       1%          5
 Arcjolt                  Conj/Air       53%        1d63      1%          5
 Freezing Cloud           Conj/Ice/Air   58%        6-21      1%          5
 Irradiate                Conj/Tmut      43%        3d26      1%          5
 Silence                  Hex/Air        46%        N/A       1%          5
 Summon Mana Viper        Hex/Summ       76%        N/A       1%          5
 Conjure Ball Lightning   Conj/Air       53%        3x3d18    1%          6
 Iron Shot                Conj/Erth      59%        9d11      1%          6
 Plasma Beam              Fire/Air       69%        2x1d94    1%          6
 Orb of Destruction       Conj           53%        9d13      1%          7
 Summon Lightning Spire   Summ/Air       77%        N/A       2%          4
 Metabolic Englaciation   Hex/Ice        43%        N/A       2%          5
 Summon Forest            Summ/Tloc      33%        N/A       3%          5
 Death Channel            Necr           39%        N/A       3%          6
 Frozen Ramparts          Ice            100%       1d16      4%          3
 Ozocubu's Armour         Ice            57%        N/A       4%          3
 Airstrike                Air            36%        2d(6-22)  4%          4
 Ice Form                 Ice/Tmut       70%        N/A       5%          4
 Summon Ice Beast         Ice/Summ       70%        N/A       5%          4
 Blade Hands              Tmut           31%        N/A       5%          5
 Enfeeble                 Hex            43%        N/A       6%          7
 Statue Form              Tmut/Erth      63%        N/A       7%          6
 Dispersal                Tloc           35%        N/A       14%         6
 Olgreb's Toxic Radiance  Pois           40%        N/A       16%         4
 Alistair's Intoxication  Tmut/Pois      35%        N/A       16%         5
 Simulacrum               Ice/Necr       40%        N/A       32%         6
 Summon Cactus Giant      Summ           31%        N/A       32%         6
 Discord                  Hex            43%        N/A       47%         8
 Haunt                    Necr/Summ      35%        N/A       54%         7
 Eringya's Noxious Bog    Tmut/Pois      26%        N/A       67%         6
 Malign Gateway           Summ/Tloc      33%        N/A       77%         7
 Dragon Form              Tmut           31%        N/A       89%         7
 Monstrous Menagerie      Summ           31%        N/A       89%         7
 Summon Hydra             Summ           31%        N/A       89%         7
 Borgnjor's Revivificati  Necr           39%        N/A       89%         8
 Infestation              Necr           39%        N/A       89%         8
 Storm Form               Tmut/Air       38%        N/A       96%         7
 Necromutation            Tmut/Necr      35%        N/A       99%         8
 Ozocubu's Refrigeration  Ice            28%        4d13      100%        7
 Disjunction              Tloc           35%        N/A       100%        8
 Maxwell's Capacitive Co  Air            36%        ∞         100%        8
 Summon Horrible Things   Summ           31%        N/A       100%        8
 Chain Lightning          Conj/Air       53%        3d70      100%        9
 Death's Door             Necr           39%        N/A       100%        9
 Dragon's Call            Summ           31%        N/A       100%        9
 Polar Vortex             Ice            28%        N/A       100%        9
 Shatter                  Erth           53%        3d40*     100%        9


Dungeon Overview and Level Annotations

Branches:
Dungeon (15/15)            Temple (1/1) D:7            Lair (5/5) D:11
 Shoals (4/4) Lair:3       Spider (4/4) Lair:2        Slime (5/5) Lair:4
    Orc (2/2) D:10            Elf (3/3) Orc:2        Vaults (5/5) D:13
  Crypt (3/3) Vaults:2       Tomb (0/3) Crypt:3      Depths (4/4) D:15
   Hell (visited)             Dis (0/7) Hell            Geh (0/7) Hell
    Coc (0/7) Hell            Tar (0/7) Hell            Zot (5/5) Depths:4
  IceCv (visited)         Gauntlet (visited)

Altars:
Ashenzari
Cheibriados
Dithmenos
Elyvilon
Fedhas
Gozag
Hepliaklqana
Kikubaaqudgha
Makhleb
Nemelex Xobeh
Okawaru
Qazlal
Ru
Sif Muna
Trog
Uskayaw
Vehumet
Wu Jian
Xom
Yredelemnul
Zin
The Shining One
Jiyva

Shops:
D:4 (   D:8 :   D:10 *   D:13 :?   Orc:2 **(=[[?(?=   Elf:3 =:=   Shoals:1 ?(
Shoals:4 !*[   Vaults:2 *   Vaults:3 [=([   Vaults:4 [

Portals:
Hell: Depths:1 Depths:2 Depths:3 Depths:4
Abyss: Depths:3 Depths:4
Pandemonium: Depths:2 Depths:4
Ziggurat: Depths:3

Annotations:
Zot:3 1 runed translucent door, Sofait's ghost, legendary GnFE


Innate Abilities, Weirdness & Mutations

You have a pair of small horns on your head.
You are partially covered in iridescent scales. (AC +2)
You sometimes lose your temper in combat.
Armour fits poorly on your strangely shaped body.
You are dopey. (Int -2)
You are very frail. (-20% HP)
Your spells are a little easier to cast, but a little less powerful.
You occasionally lose the ability to read scrolls when taking damage.
You expend magic power (3 MP) to strengthen your wands.


Message History

The fireball engulfs your spellforged servitor!
Your spellforged servitor resists.
The electric golem blinks!
The orb of fire glows yellow.
The bolt of fire hits you!! You resist.
You feel threatened and lose the ability to read scrolls!
Your spellforged servitor casts a spell at the orb of fire.
The crystal spear hits the orb of fire!!!
Casting: Spellforged Servitor (dangerous; 6% risk of failure)
Confirm with . or Enter, or press ? or * to list all spells.
You can't see any susceptible monsters within range! (Use Z to cast anyway.) Unknown command.
The orb of fire glows red.
Strange energies course through your body.
Casting: Spellforged Servitor (dangerous; 6% risk of failure)
Confirm with . or Enter, or press ? or * to list all spells.
Okay, then.
Casting: Spellforged Servitor (dangerous; 6% risk of failure)
Confirm with . or Enter, or press ? or * to list all spells.
Aiming: Lehudib's Crystal Spear (dangerous; 12% risk of failure)
Press: ? - help, Shift-Dir - straight line, f - orb of fire
Aim: an orb of fire (heavily damaged, ally target, 61% to hit)
You feel a surge of power!
The crystal spear hits the orb of fire!!!
The orb of fire is severely damaged.
The orb of fire glows deep purple.
The bolt of fire hits you!! You resist.
* * * LOW HITPOINT WARNING * * *
The orb of fire glows red.
The bolt of fire hits you!! You resist.
* * * LOW HITPOINT WARNING * * *
Casting: Lehudib's Crystal Spear (dangerous; 12% risk of failure)
Confirm with . or Enter, or press ? or * to list all spells.
Aiming: Lehudib's Crystal Spear (dangerous; 12% risk of failure)
Press: ? - help, Shift-Dir - straight line, f/p - orb of fire
Aim: an orb of fire (severely damaged, ally target, 61% to hit)
You feel a surge of power!
You miscast Lehudib's Crystal Spear.
You are very lightly contaminated with residual magic.
You are blasted with magical energy!!
You die...

<###^..........## ##### ##.....
9##....*........####...####......
.#......###......##.....##......#
.....[..####...................##
.........# ##.......9.........##
)........## ##...............## #
..........####..9............####
............##..⌠..*.........##..
.............#.#@..........<.#...
...............##.........##Xy...
...............###......)###))9..
................##..#.#..##......
.............#[..#.#####.#...#...
#......####.....(..# #........#
......## ###......# #.y....###
......## ##.....# #)....##
......^## ##....## ##.^..##


You could see an orb of fire (ally target), an electric golem and a friendly
spellforged servitor (summoned).

Vanquished Creatures
  Dissolution (Slime:3)
  the Royal Jelly (Slime:5)
  4 dread liches
  2 ancient liches
  8 orbs of fire
  A juggernaut (Depths:3)
  The ghost of Roocroe the Impregnable, a veteran MiGl of Hepliaklqana (Crypt:3)
  2 Killer Klowns
  A caustic shrike (Depths:3)
  The ghost of Rolofrus the Executioner, a veteran FoFi of Dithmenos (Crypt:3)
  The ghost of Rolofrus the Executioner, a veteran FoFi of Dithmenos (Crypt:3)
  The ghost of Bihem the Executioner, a veteran FoFi of Dithmenos (Crypt:2)
  11 golden dragons
  2 curse toes
  Geryon (Hell)
  3 bone dragons
  The ghost of GimliDwarf the Peltast, an adept GnWr of Dithmenos (Elf:2)
  Jorgrun (Orc:1)
  Rupert (D:13)
  A shard shrike zombie (Crypt:1)
  8 tentacled monstrosities
  3 hellephants
  6 liches
  2 quicksilver dragons
  10 Orb Guardians (Zot:5)
  9 titans
  2 deep elf blademasters (Elf:3)
  Asterion (Vaults:2)
  Polyphemus (Shoals:2)
  2 deep elf master archers (Elf:3)
  Frances (Elf:1)
  15 death cobs
  2 krakens
  5 tentacled starspawn
  8 ancient champions
  6 sphinxes
  26 acid blobs
  4 tengu reavers (Vaults:5)
  3 revenants
  14 storm dragons
  6 draconian monks
  12 shadow dragons
  15 azure jellies
  7 rockslimes
  7 draconian knights
  20 vault wardens
  9 deep elf sorcerers
  9 fire giants
  6 draconian scorchers
  11 frost giants
  7 emperor scorpions
  A balrug (Hell)
  7 ghost moths
  14 ghouls
  4 orc warlords
  3 iron dragons
  6 draconian shifters
  19 ironbound preservers
  2 draconian stormcallers
  3 deep elf elementalists (Elf:3)
  3 curse skulls
  8 quicksilver oozes
  15 stone giants
  A ghost moth (shapeshifter) (Vaults:5)
  A spriggan defender (Depths:3)
  6 draconian annihilators
  A reaper (Hell)
  4 war gargoyles
  10 vampire knights
  7 ironbound thunderhulks
  22 very ugly things
  6 green draconians
  Nessos (Lair:4)
  9 deep elf demonologists
  Azrael (D:13)
  11 deep elf annihilators
  10 yellow draconians
  8 dire elephants
  A lorocyproca (Hell)
  A spark wasp (shapeshifter) (Vaults:5)
  12 white draconians
  9 spark wasps
  8 black draconians
  10 purple draconians
  3 eidola
  4 blizzard demons
  6 red draconians
  8 deep elf death magi
  3 merfolk javelineers (Shoals:4)
  12 ettins
  A crystal guardian (Vaults:3)
  2 minotaurs
  11 jiangshi
  10 fire dragons
  4 deep elf high priests
  13 great orbs of eyes
  7 entropy weavers
  13 yaktaur captains
  A great orb of eyes (shapeshifter) (Depths:3)
  A spriggan zombie (Abyss:3)
  37 vault guards
  11 merfolk impalers
  6 ice dragons
  Josephine (D:10)
  An elf skeleton (Crypt:3)
  3 ogre magi
  5 peacekeepers
  13 ironbound frosthearts
  Erolcha (D:10)
  6 rakshasas
  6 hydras
  3 spriggan air magi (Depths:3)
  4 boulder beetles
  A jorogumo (Spider:2)
  A fenstrider witch zombie (Crypt:1)
  3 merfolk avatars
  3 radroaches (Spider:4)
  2 catoblepae
  15 centaur warriors
  4 merfolk aquamancers
  8 two-headed ogres
  An anaconda (shapeshifter) (Vaults:5)
  4 death knights
  7 death yaks
  A satyr (Shoals:4)
  A two-headed ogre (shapeshifter) (Vaults:2)
  3 hell hogs (Abyss:2)
  A titan zombie (Abyss:3)
  2 alligator snapping turtles
  11 tengu warriors
  A shock serpent (shapeshifter) (Vaults:5)
  5 deep troll earth magi
  Urug (Lair:1)
  8 deep troll shamans
  12 vampire magi
  A spriggan berserker (Depths:3)
  2 thrashing horrors
  4 soul eaters
  Sonja (D:10)
  12 hell knights
  4 sun demons
  Amaemon (D:8)
  A sixfirhy (Depths:4)
  2 skysharks
  17 deep elf knights
  3 pharaoh ants
  A shadow wraith (Crypt:2)
  45 deep trolls
  8 iron trolls
  8 skeletal warriors (Crypt:3)
  A spatial maelstrom (Abyss:4)
  2 fire crabs (Lair:3)
  6 large abominations
  A goliath frog (Lair:5)
  9 sea snakes
  An anaconda zombie (Crypt:2)
  3 flayed ghosts
  A spriggan simulacrum (Crypt:3)
  15 ironbound convokers
  19 harpies
  16 deep elf archers
  13 orb spiders
  4 bog bodies
  7 glowing orange brains
  2 iron giant skeletons
  12 phantasmal warriors
  8 steelbarb worms
  11 wizards
  A shadow dragon skeleton (Vaults:2)
  9 orc knights
  17 lindwurms
  3 starcursed masses
  A kraken simulacrum (Shoals:2)
  9 necromancers
  Pikel (D:7)
  34 deep elf pyromancers
  16 wolf spiders
  10 orc sorcerers (Orc:2)
  33 deep elf zephyrmancers
  8 shining eyes
  A wolf spider (shapeshifter) (Vaults:5)
  11 fauns
  A tengu skeleton (Vaults:2)
  An oklob plant (Gauntlet)
  14 manticores
  A jorogumo skeleton (Crypt:2)
  31 ugly things
  A sphinx skeleton (Crypt:2)
  A worldbinder (Abyss:1)
  22 moths of wrath
  3 cyclopes
  3 elephants (Abyss:4)
  A dire elephant zombie (Crypt:3)
  3 black mambas
  7 merfolk sirens
  A fire giant skeleton (Crypt:2)
  A guardian serpent (Abyss:4)
  5 water nymphs
  An ice statue (IceCv)
  20 demonic crawlers
  2 eyes of devastation
  An alligator snapping turtle zombie (Crypt:3)
  9 rust devils
  4 smoke demons (Hell)
  23 cane toads
  2 titan simulacra
  6 orange demons
  5 molten gargoyles (Hell)
  7 torpor snails
  A torpor snail (shapeshifter) (Vaults:5)
  17 vault sentinels
  Maggie (D:8)
  A kobold demonologist (D:9)
  4 sea snake zombies (Hell)
  3 hellions
  6 rime drakes
  9 komodo dragons
  5 guardian mummies (Crypt:3)
  32 yaktaurs
  10 trolls
  7 freezing wraiths
  10 tengu conjurers
  2 red devils
  26 merfolk
  A hydra zombie (Hell)
  9 meliai
  3 ancient zymes
  10 polar bears (IceCv)
  An iron troll skeleton (Crypt:1)
  5 wind drakes
  A purple draconian skeleton (Crypt:2)
  A tyrant leech (shapeshifter) (Vaults:5)
  A tarantella zombie (Crypt:3)
  A wolf spider simulacrum (D:15)
  A hydra skeleton (Hell)
  A hellwing (Abyss:4)
  2 tyrant leeches (Lair:5)
  An elf zombie (Vaults:2)
  An alligator zombie (Hell)
  5 hornets
  26 tarantellas
  4 dream sheep (Lair:5)
  7 raiju
  16 blink frogs (Lair:5)
  A human simulacrum (Vaults:3)
  A fire dragon zombie (Abyss:1)
  6 snapping turtles
  157 slime creatures
  15 jumping spiders
  16 flying skulls
  Sigmund (D:5)
  2 shadows
  8 water elementals
  12 culicivoras
  3 vampires (Vaults:2)
  4 air elementals
  A fire dragon skeleton (Crypt:1)
  27 yaks
  A spriggan (Depths:3)
  10 wraiths
  29 dancing weapons
  4 wyverns
  6 fire elementals
  A ynoxinul (Abyss:2)
  6 basilisks
  18 humans (D:13)
  Grum (D:9)
  2 death yak simulacra
  A slime creature zombie (Crypt:3)
  2 alligator snapping turtle simulacra (Shoals:2)
  2 golden eyes (Slime:5)
  A steam dragon (D:9)
  3 sea snake simulacra (Shoals:2)
  4 neqoxecs
  A redback (shapeshifter) (Depths:3)
  50 redbacks
  A glowing shapeshifter zombie (Vaults:2)
  18 vampire mosquitoes
  2 chaos spawn
  7 small abominations
  A two-headed ogre zombie (Crypt:3)
  A warg (Orc:1)
  2 ogre zombies (Vaults:3)
  Edmund (D:6)
  A harpy simulacrum (Shoals:2)
  6 acid dragons
  5 hell hounds (D:13)
  3 spatial vortices (Abyss:4)
  5 water moccasins
  3 floating eyes
  17 orc warriors
  A hydra simulacrum (Hell)
  Duvessa (D:7)
  A glowing shapeshifter skeleton (Vaults:3)
  3 ice beasts
  A sky beast (D:8)
  A cane toad skeleton (Crypt:1)
  An alligator simulacrum (Hell)
  3 black bears
  An ice beast (shapeshifter) (Depths:1)
  2 satyr simulacra (Shoals:2)
  13 ogres
  A boggart (Elf:1)
  A dream sheep skeleton (Crypt:2)
  3 lemures (D:7)
  37 wolves
  A phantom (D:6)
  4 centaurs
  A hog skeleton (Crypt:3)
  18 bullfrogs
  6 necrophages
  3 faun simulacra (Shoals:2)
  A glowing shapeshifter simulacrum (Vaults:2)
  2 merfolk simulacra (Shoals:2)
  3 cane toad simulacra (Lair:5)
  12 scorpions
  A yaktaur skeleton (Crypt:3)
  16 wights
  A warg zombie (Crypt:2)
  Dowan (D:7)
  A snapping turtle simulacrum (Shoals:2)
  A warg skeleton (Crypt:1)
  A yak zombie (Crypt:3)
  10 killer bees
  2 shapeshifter zombies
  3 manticore simulacra (Shoals:2)
  3 vampire bats (Lair:5)
  An elephant simulacrum (Lair:5)
  8 howler monkeys
  10 electric eels
  7 crimson imps
  3 hounds
  3 quasits
  A basilisk zombie (Crypt:1)
  Crazy Yiuf (D:7)
  An iguana (D:7)
  11 orc priests
  2 cyclops simulacra (Shoals:2)
  A sleepcap (D:7)
  31 orc wizards
  2 polar bear simulacra (Lair:5)
  9 hell rats (Hell)
  A centaur simulacrum (Shoals:2)
  7 mummies (Crypt:3)
  6 adders
  11 gnolls
  A shadow imp (D:7)
  5 white imps
  3 ufetubi
  2 dart slugs
  2 worms (D:2)
  86 orcs
  10 endoplasms
  A giant cockroach (D:1)
  5 goblins
  4 hobgoblins
  4 quokkas
  3 training dummies (Shoals:1)
  7 ball pythons
  A ball python zombie (Crypt:1)
  14 bats
  3 frilled lizards
  A frilled lizard skeleton (Crypt:2)
  14 kobolds
  A quokka skeleton (Crypt:3)
  8 rats
  A fire vortex (Zot:4)
  33 fulminant prisms
  A lurking horror (Abyss:2)
  5 starspawn tentacles
  3 tentacles
2563 creatures vanquished.

Vanquished Creatures (collateral kills)
  A dread lich (Zot:5)
  A Killer Klown (Zot:5)
  A storm dragon (Zot:5)
  A shadow dragon (Zot:5)
  A vault warden (Vaults:1)
  A red draconian (Zot:5)
  An ettin (Vaults:5)
  2 yaktaur captains (Vaults:5)
  A centaur warrior (Vaults:1)
  2 satyrs
  An ironbound convoker (Vaults:3)
  4 yaktaurs
  4 centaurs
21 creatures vanquished.

Vanquished Creatures (others)
  A wizard (D:10)
  A manticore (D:12)
  A rust devil (Hell)
  7 dancing weapons
  2 redbacks
  A wolf (IceCv)
  An electric eel (Lair:3)
  37 fire vortices
  1316 fulminant prisms
  13 starspawn tentacles
  13 tentacles
1393 creatures vanquished.

Grand Total: 3977 creatures vanquished

Notes
Turn   | Place    | Note
-------+----------+-------------------------------------------
     0 | D:1      | ritesign the Deep Elf Conjurer began the quest for the Orb.
     0 | D:1      | Reached XP level 1. HP: 10/10 MP: 6/6
   561 | D:1      | Reached XP level 2. HP: 15/15 MP: 4/8
   564 | D:1      | Learned a level 2 spell: Searing Ray
   723 | D:1      | Found a faded altar of an unknown god.
  1701 | D:2      | Reached skill level 5 in Conjurations
  1701 | D:2      | Reached XP level 3. HP: 19/19 MP: 5/10
  2282 | D:2      | Reached XP level 4. HP: 24/24 MP: 9/12
  2346 | D:2      | Found a broken altar of Ashenzari.
  2837 | D:3      | Reached skill level 5 in Spellcasting
  3390 | D:4      | Reached XP level 5. HP: 28/28 MP: 8/15
  3548 | D:4      | Noticed a black bear
  3556 | D:4      | Killed a black bear
  3557 | D:4      | Reached XP level 6. HP: 30/32 MP: 7/17
  3839 | D:4      | Found Caxt's Weapon Boutique.
  4021 | D:5      | Entered Level 5 of the Dungeon
  4033 | D:5      | Noticed Sigmund
  4041 | D:5      | Killed Sigmund
  4304 | D:5      | Reached XP level 7. HP: 36/36 MP: 8/20
  4656 | D:5      | Found a glowing silver altar of Zin.
  4656 | D:5      | Found a bloodstained altar of Trog.
  4657 | D:5      | Found a hazy altar of Hepliaklqana.
  4657 | D:5      | Found a shadowy altar of Dithmenos.
  4952 | D:5      | Identified the +2 mace of Ripsejor {chaos, Str+3 Dex+3}
  5042 | D:5      | Reached skill level 10 in Spellcasting
  5180 | D:5      | Found an ornate altar of the Wu Jian Council.
  5303 | D:5      | Reached skill level 1 in Fighting
  5805 | D:6      | Reached XP level 8. HP: 43/43 MP: 16/24
  6002 | D:6      | Noticed a cyclops
  6072 | D:6      | Reached skill level 5 in Dodging
  6072 | D:6      | Noticed Edmund
  6609 | D:6      | Killed Edmund
  6892 | D:6      | Killed a cyclops
  6893 | D:6      | Reached XP level 9. HP: 33/52 MP: 15/25
  7127 | D:6      | Found a faded altar of an unknown god.
  7127 | D:6      | Found the Hermit's Pendant {Faith Invo=14 Evo=0 MP+5}
  7338 | D:6      | Prayed at the altar of an unknown god.
  7338 | D:6      | Became a worshipper of Gozag Ym Sagoz the Greedy
  7504 | D:7      | Noticed Dowan
  7770 | D:7      | Noticed Duvessa
  7780 | D:7      | Found a sparkling altar of Nemelex Xobeh.
  7792 | D:7      | Learned a level 4 spell: Iskenderun's Mystic Blast
  7797 | D:7      | Learned a level 4 spell: Fulminant Prism
  7801 | D:7      | Learned a level 3 spell: Tukima's Dance
  7807 | D:7      | Learned a level 5 spell: Yara's Violent Unravelling
  7812 | D:7      | Learned a level 4 spell: Passage of Golubria
  7816 | D:7      | Learned a level 3 spell: Gell's Gravitas
  7818 | D:7      | Learned a level 1 spell: Apportation
  7865 | D:7      | Noticed Pikel
  7875 | D:7      | Killed Pikel
  7876 | D:7      | Reached skill level 5 in Fighting
  7939 | D:7      | Found a shimmering altar of Xom.
  8387 | D:7      | Killed Duvessa
  8388 | D:7      | Reached skill level 5 in Hexes
  8388 | D:7      | Killed Dowan
  8518 | D:7      | Found a staircase to the Ecumenical Temple.
  8771 | D:7      | Identified the +5 ring mail of Unnuv {*Corrode rN++ Regen+}
  8931 | D:7      | Found a runed translucent door.
  8932 | D:7      | Noticed Crazy Yiuf
  9092 | D:7      | Killed Crazy Yiuf
  9219 | Temple   | Entered the Ecumenical Temple
  9499 | D:8      | Identified the +2 flail of Regicide {heavy, Dex+8}
  9593 | D:8      | Noticed Maggie
  9608 | D:8      | Killed Maggie
  9976 | D:8      | Found Ale Lyi's Book Shoppe.
 10090 | D:8      | Reached XP level 10. HP: 60/60 MP: 17/26
 10236 | D:8      | Noticed an orange demon
 10238 | D:8      | Noticed Amaemon
 10242 | D:8      | Killed an orange demon
 11406 | D:8      | Found Ale Lyi's Book Shoppe.
 11601 | D:8      | Killed Amaemon
 11983 | D:9      | Noticed a two-headed ogre
 11983 | D:9      | Found a sacrificial altar of Ru.
 11992 | D:9      | Killed a two-headed ogre
 12143 | D:9      | Noticed a two-headed ogre
 12153 | D:9      | Killed a two-headed ogre
 12164 | D:9      | Reached skill level 10 in Dodging
 12164 | D:9      | Reached skill level 10 in Hexes
 12391 | D:9      | Reached skill level 1 in Translocations
 12892 | D:9      | Noticed Grum
 12901 | D:9      | Killed Grum
 12902 | D:9      | Reached XP level 11. HP: 64/67 MP: 15/27
 13097 | D:10     | Entered Level 10 of the Dungeon
 13377 | D:10     | Noticed Sonja
 13384 | D:10     | Killed Sonja
 13388 | D:10     | Noticed Josephine
 13621 | D:10     | Killed Josephine
 13627 | D:9      | Paralysed by a hornet for 2 turns
 13860 | D:10     | Noticed Erolcha
 13876 | D:10     | Killed Erolcha
 13877 | D:10     | Reached skill level 5 in Translocations
 14066 | D:10     | Noticed a wizard
 14073 | D:10     | Killed a wizard
 14290 | D:10     | Found Gopoitt's Assorted Antiques.
 14361 | D:10     | Found a staircase to the Orcish Mines.
 14927 | D:11     | Found an ancient bone altar of Kikubaaqudgha.
 16099 | D:11     | Found a staircase to the Lair.
 16249 | Lair:1   | Entered Level 1 of the Lair of Beasts
 16268 | Lair:1   | Reached skill level 1 in Fire Magic
 16291 | Lair:1   | Found a gate leading to a gauntlet.
 16311 | Lair:1   | Identified 2 scrolls of acquirement
 16343 | Gauntlet | Entered a Gauntlet
 16343 | Gauntlet | Found a transporter.
 16343 | Gauntlet | Found a transporter.
 16343 | Gauntlet | Found a transporter.
 16364 | Gauntlet | Found a transporter.
 16376 | Gauntlet | Found a transporter.
 16377 | Gauntlet | Found a transporter.
 16378 | Gauntlet | Noticed an oklob plant
 16387 | Gauntlet | Found a transporter.
 16393 | Gauntlet | Noticed a large abomination
 16406 | Gauntlet | Found a transporter.
 16420 | Gauntlet | Found a transporter.
 16431 | Gauntlet | Found a transporter.
 16434 | Gauntlet | Found a transporter.
 16469 | Gauntlet | Found a transporter.
 16477 | Gauntlet | Noticed a green death
 16678 | Gauntlet | Killed an oklob plant
 16679 | Gauntlet | Reached XP level 12. HP: 72/72 MP: 15/30
 17110 | Gauntlet | Identified the amulet of Zontuo {Spirit Rampage +Blink
                  | Str+2 SInv}
 17132 | Gauntlet | Noticed a minotaur
 17184 | Gauntlet | Killed a minotaur
 17974 | Lair:1   | Noticed a death yak
 17975 | Lair:1   | Noticed a death yak
 17980 | Lair:1   | Noticed a death yak
 18094 | Lair:1   | Killed a death yak
 18352 | Lair:1   | Killed a death yak
 18501 | Lair:1   | Killed a death yak
 18918 | Lair:1   | Noticed a fire dragon
 18951 | Lair:1   | Killed a fire dragon
 19571 | Lair:1   | Noticed Urug
 19583 | Lair:1   | Killed Urug
 19759 | Lair:1   | Gained mutation: You are somewhat resistant to further
                  | mutation. [potion of mutation]
 19759 | Lair:1   | Gained mutation: You are agile. (Dex +4, Str/Int -1)
                  | [potion of mutation]
 19896 | Lair:2   | Found a hole to the Spider Nest.
 19924 | Lair:2   | Reached skill level 10 in Conjurations
 20117 | Lair:2   | You fall into a shaft and drop 1 floor!
 20138 | Lair:3   | Reached skill level 5 in Fire Magic
 20155 | Lair:3   | Reached skill level 15 in Spellcasting
 20290 | Lair:3   | Noticed a dire elephant
 20300 | Lair:3   | Reached XP level 13. HP: 37/76 MP: 6/34
 20311 | Lair:3   | Killed a dire elephant
 20696 | Lair:3   | Learned a level 6 spell: Starburst
 20710 | Lair:3   | Found a staircase to the Shoals.
 21902 | Lair:2   | Found a sparkling altar of Nemelex Xobeh.
 22221 | Lair:4   | Noticed Nessos
 22242 | Lair:4   | Killed Nessos
 22299 | Lair:4   | Reached skill level 10 in Fire Magic
 22728 | Lair:4   | Found a staircase to the Slime Pits.
 22730 | Lair:4   | Found a viscous altar of Jiyva.
 23020 | Lair:5   | Entered Level 5 of the Lair of Beasts
 23360 | Lair:5   | Found a frozen archway.
 23369 | Lair:5   | HP: 3/76 [cane toad simulacrum (19)]
 23370 | Lair:5   | Reached XP level 14. HP: 4/82 MP: 3/35
 23472 | IceCv    | Entered an ice cave
 23980 | IceCv    | Noticed a frost giant
 24001 | IceCv    | Killed a frost giant
 24002 | IceCv    | Reached skill level 15 in Fire Magic
 26112 | Orc:1    | Entered Level 1 of the Orcish Mines
 26282 | Orc:1    | Reached skill level 1 in Transmutations
 26633 | Orc:2    | Entered Level 2 of the Orcish Mines
 27282 | Orc:2    | Found a staircase to the Elven Halls.
 27603 | Orc:2    | Found Ruep's Jewellery Shoppe.
 27679 | Orc:2    | Found a radiant altar of Vehumet.
 27686 | Orc:2    | Found Biseb's Magic Scroll Shoppe.
 27744 | Orc:2    | Found an ancient bone altar of Kikubaaqudgha.
 27775 | Orc:2    | Found Ziximm's Antique Weapon Shoppe.
 27785 | Orc:2    | Paralysed by an orc sorcerer for 5 turns
 27864 | Orc:2    | Found Ajilempe's Magic Scroll Emporium.
 27888 | Orc:2    | Bought a scroll of enchant armour for 135 gold pieces
 27888 | Orc:2    | Bought a scroll of magic mapping for 135 gold pieces
 27888 | Orc:2    | Bought a scroll of magic mapping for 135 gold pieces
 28453 | Orc:1    | Noticed Jorgrun
 28460 | Orc:1    | Killed Jorgrun
 28461 | Orc:1    | Reached XP level 15. HP: 75/86 MP: 3/37
 28532 | Orc:1    | Learned a level 8 spell: Ignition
 28632 | Orc:1    | Acquired the +2 pair of gloves of the Endless Expanse {+Inv
                  | rF- Regen+ Dex+6}
 28645 | Orc:1    | Acquired 1210 gold pieces
 28647 | Orc:1    | Acquired 330 gold pieces
 28700 | Orc:2    | Bought a potion of heal wounds for 120 gold pieces
 28709 | Orc:2    | Bought the ring "Iriroot" {+Blink Fly rElec rF+ Str+6} for
                  | 755 gold pieces
 28709 | Orc:2    | Bought the ring of Daffodils {rF+ Str+4 Int+6} for 759 gold
                  | pieces
 28726 | Orc:2    | Bought a translucent dagger for 182 gold pieces
 28726 | Orc:2    | Identified the +9 dagger of Bread {speed, rPois rC- Str+8
                  | Stlth+} (You bought it in a shop on level 2 of the Orcish
                  | Mines)
 28726 | Orc:2    | Bought a translucent quarterstaff for 234 gold pieces
 28726 | Orc:2    | Identified the +9 quarterstaff "Yzekeo" {holy, *Noise rElec
                  | Str+4} (You bought it in a shop on level 2 of the Orcish
                  | Mines)
 28726 | Orc:2    | Bought a dazzling rapier for 234 gold pieces
 28726 | Orc:2    | Identified the +2 rapier of Distant Worlds {venom, +Blink}
                  | (You bought it in a shop on level 2 of the Orcish Mines)
 29122 | Orc:2    | Bought 2 scrolls of enchant armour for 360 gold pieces
 29185 | Elf:1    | Entered Level 1 of the Elven Halls
 29206 | Elf:1    | Reached skill level 1 in Armour
 29206 | Elf:1    | Reached skill level 1 in Shields
 29512 | Elf:1    | Found a radiant altar of Vehumet.
 29547 | Elf:1    | Noticed Frances
 29581 | Elf:1    | Killed Frances
 29990 | Elf:1    | Noticed a deep elf sorcerer
 29994 | Elf:1    | Killed a deep elf sorcerer
 30812 | Elf:2    | Found a runed translucent door.
 30812 | Elf:2    | Noticed GimliDwarf's ghost (adept GnWr)
 31005 | Elf:2    | Found a portal to a secret trove of treasure.
 31125 | Elf:2    | Reached skill level 1 in Evocations
 31147 | Elf:2    | Found a runed translucent gate.
 31147 | Elf:2    | Found a runed translucent gate.
 31159 | Elf:2    | Found a runed translucent gate.
 31325 | Elf:2    | Reached XP level 16. HP: 88/92 MP: 8/39
 32658 | Elf:2    | Gained mutation: Your magical capacity is low. (-10% MP)
                  | [you]
 32813 | Elf:2    | Killed GimliDwarf's ghost
 32872 | Elf:2    | Got the Information on the Fault
 32893 | Elf:2    | Lost mutation: You are somewhat resistant to further
                  | mutation. [potion of mutation]
 32893 | Elf:2    | Lost mutation: You are agile. (Dex +4, Str/Int -1) [potion
                  | of mutation]
 32893 | Elf:2    | Gained mutation: You occasionally shout uncontrollably at
                  | your foes. [potion of mutation]
 32893 | Elf:2    | Gained mutation: You have sharp toenails. [potion of
                  | mutation]
 32893 | Elf:2    | Gained mutation: You frequently scream uncontrollably at
                  | your foes. [potion of mutation]
 32893 | Elf:2    | Gained mutation: You have sharp fingernails. [potion of
                  | mutation]
 32894 | Elf:2    | Lost mutation: Your magical capacity is low. (-10% MP)
                  | [potion of mutation]
 32894 | Elf:2    | Lost mutation: You have sharp fingernails. [potion of
                  | mutation]
 32894 | Elf:2    | Lost mutation: You frequently scream uncontrollably at your
                  | foes. [potion of mutation]
 32894 | Elf:2    | Gained mutation: You sometimes lose your temper in combat.
                  | [potion of mutation]
 32894 | Elf:2    | Gained mutation: You have a pair of small antennae on your
                  | head. [potion of mutation]
 32895 | Elf:2    | Lost mutation: You sometimes lose your temper in combat.
                  | [potion of mutation]
 32895 | Elf:2    | Lost mutation: You occasionally shout uncontrollably at
                  | your foes. [potion of mutation]
 32895 | Elf:2    | Lost mutation: You have sharp toenails. [potion of
                  | mutation]
 32895 | Elf:2    | Gained mutation: You are robust. (+10% HP) [potion of
                  | mutation]
 32911 | Elf:2    | Lost mutation: You have a pair of small antennae on your
                  | head. [potion of mutation]
 32911 | Elf:2    | Lost mutation: You are robust. (+10% HP) [potion of
                  | mutation]
 32911 | Elf:2    | Gained mutation: Your natural rate of healing is unusually
                  | fast. [potion of mutation]
 32911 | Elf:2    | Gained mutation: Potions are less effective at restoring
                  | your health. [potion of mutation]
 32912 | Elf:2    | Lost mutation: Your natural rate of healing is unusually
                  | fast. [potion of mutation]
 32912 | Elf:2    | Lost mutation: Potions are less effective at restoring your
                  | health. [potion of mutation]
 32912 | Elf:2    | Gained mutation: Armour fits poorly on your strangely
                  | shaped body. [potion of mutation]
 32913 | Elf:2    | Lost mutation: Armour fits poorly on your strangely shaped
                  | body. [potion of mutation]
 32913 | Elf:2    | Gained mutation: You occasionally shout uncontrollably at
                  | your foes. [potion of mutation]
 32913 | Elf:2    | Gained mutation: You have sharp toenails. [potion of
                  | mutation]
 32914 | Elf:2    | Lost mutation: You occasionally shout uncontrollably at
                  | your foes. [potion of mutation]
 32914 | Elf:2    | Lost mutation: You have sharp toenails. [potion of
                  | mutation]
 32914 | Elf:2    | Gained mutation: Your muscles are strong. (Str +4, Int/Dex
                  | -1) [potion of mutation]
 32914 | Elf:2    | Gained mutation: Your spells are a little easier to cast,
                  | but a little less powerful. [potion of mutation]
 32914 | Elf:2    | Gained mutation: You expend magic power (3 MP) to
                  | strengthen your wands. [potion of mutation]
 32915 | Elf:2    | Lost mutation: You expend magic power (3 MP) to strengthen
                  | your wands. [potion of mutation]
 32915 | Elf:2    | Lost mutation: Your spells are a little easier to cast, but
                  | a little less powerful. [potion of mutation]
 32915 | Elf:2    | Lost mutation: Your muscles are strong. (Str +4, Int/Dex
                  | -1) [potion of mutation]
 32915 | Elf:2    | Gained mutation: You are weak. (Str -2) [potion of
                  | mutation]
 32915 | Elf:2    | Gained mutation: You have hidden genetic potential. [potion
                  | of mutation]
 32939 | Elf:3    | Entered Level 3 of the Elven Halls
 33199 | Elf:3    | Found Pupahad's Jewellery Emporium.
 33199 | Elf:3    | Found Nene's Book Shop.
 33201 | Elf:3    | Found Raczanioba's Jewellery Emporium.
 33282 | Elf:3    | Identified the staff of fire "Onapsipp" {rF+ Str+3}
 33556 | Elf:3    | Reached skill level 5 in Armour
 33556 | Elf:3    | Reached skill level 5 in Shields
 33973 | Elf:3    | Noticed a Hell Sentinel
 34083 | Elf:3    | Noticed a deep elf master archer
 34092 | Elf:3    | Killed a deep elf master archer
 34152 | Elf:3    | Identified the ring "Umneunah" {rPois Stlth+}
 34155 | Elf:3    | Noticed a deep elf blademaster
 34165 | Elf:3    | Killed a deep elf blademaster
 34169 | Elf:3    | Noticed a deep elf blademaster
 34286 | Elf:3    | Killed a deep elf blademaster
 34327 | Elf:3    | Reached XP level 17. HP: 68/96 MP: 8/41
 34658 | Elf:3    | Noticed a deep elf master archer
 34664 | Elf:3    | Noticed a Brimstone Fiend
 34723 | Elf:3    | Killed a deep elf master archer
 34867 | Elf:3    | Found the +3 Elemental Staff {rElec rF+ rC+ AC+3}
 34900 | Elf:3    | Got Borgnjor's Grimoire of Lamentation
 34904 | Elf:3    | Learned a level 2 spell: Sublimation of Blood
 34933 | Elf:3    | Identified the +7 war axe of Floral Tenacity {venom, rPois
                  | rC++ Dex-2 SInv}
 34975 | Elf:3    | Identified the staff of poison "Otuarr" {rPois Dex+5}
 35472 | D:12     | Identified the +1 pair of boots of the Barnacle {Harm}
 35517 | D:12     | Reached skill level 1 in Necromancy
 36102 | D:13     | Noticed Rupert
 36176 | D:13     | Gained mutation: You expend magic power (3 MP) to
                  | strengthen your wands. [hidden potential]
 36399 | D:13     | Noticed Azrael
 36404 | D:13     | Killed Azrael
 36617 | D:13     | Killed Rupert
 36659 | D:13     | Lost mutation: You expend magic power (3 MP) to strengthen
                  | your wands. [potion of mutation]
 36659 | D:13     | Lost mutation: You have hidden genetic potential. [potion
                  | of mutation]
 36659 | D:13     | Lost mutation: You are weak. (Str -2) [potion of mutation]
 36659 | D:13     | Gained mutation: You passively map a small area around you.
                  | [potion of mutation]
 36762 | D:13     | Found Eptojix's Magic Scroll Boutique.
 36780 | D:13     | Bought a scroll of magic mapping for 112 gold pieces
 36827 | D:13     | Found Norphyggi's Book Shoppe.
 37205 | D:13     | Found a gate to the Vaults.
 37345 | D:13     | Reached skill level 5 in Necromancy
 37675 | D:14     | Reached skill level 5 in Evocations
 38295 | D:15     | Entered Level 15 of the Dungeon
 38811 | D:15     | Found a staircase to the Depths.
 39583 | Lair:3   | Found a staircase to the Shoals.
 39590 | Shoals:1 | Entered Level 1 of the Shoals
 39700 | Shoals:1 | Found Famo's Firing Range.
 39867 | Shoals:1 | Learned a level 2 spell: Blink
 40323 | Shoals:1 | Found Mennetri's Magic Scroll Shop.
 40326 | Shoals:1 | Bought a scroll of blinking for 112 gold pieces
 40326 | Shoals:1 | Bought a scroll of blinking for 112 gold pieces
 40326 | Shoals:1 | Bought a scroll of butterflies for 60 gold pieces
 40717 | Shoals:2 | Noticed Polyphemus
 40809 | Shoals:2 | Killed Polyphemus
 40958 | Shoals:2 | Reached XP level 18. HP: 101/101 MP: 28/44
 41520 | Shoals:2 | Found a runed translucent gate.
 41521 | Shoals:2 | Found a runed translucent gate.
 41522 | Shoals:2 | Found a runed translucent gate.
 41847 | Shoals:2 | Reached skill level 10 in Shields
 42014 | Shoals:2 | Identified the +0 flail of Insomnia {elec, Str+2 Int+4}
 42016 | Shoals:2 | Identified the staff of poison "Sityss" {rPois Int+3
                  | Stlth-}
 42017 | Shoals:2 | Identified the staff of cold "Weqeucad" {rC+ rN++}
 43185 | Shoals:4 | Entered Level 4 of the Shoals
 43365 | Shoals:4 | Got a barnacled rune of Zot
 43444 | Shoals:4 | Found Gojosala's Distillery.
 43462 | Shoals:4 | Bought a potion of magic for 88 gold pieces
 43462 | Shoals:4 | Bought a potion of resistance for 110 gold pieces
 43462 | Shoals:4 | Bought a potion of curing for 33 gold pieces
 43462 | Shoals:4 | Bought a potion of curing for 33 gold pieces
 43462 | Shoals:4 | Bought 2 potions of haste for 220 gold pieces
 43495 | Shoals:4 | Found Pos Ecot's Antique Armour Emporium.
 43551 | Shoals:4 | Identified the ring "Yherrish" {rElec rF+ rC- rCorr Slay+2}
 43803 | Shoals:4 | Found the +10 tower shield of Ignorance {rN+ Int-4}
 44208 | Shoals:4 | Got Ukith's Vellum of Alluring Arcane Combat
 44285 | Shoals:4 | Found Causuet's General Store.
 44543 | Shoals:4 | Identified the staff of earth "Ymeogumu" {rN++}
 44695 | Shoals:4 | Identified the +2 rapier of Verdant Honour {freeze, rCorr
                  | Str+4 Dex-4}
 44938 | D:13     | Learned a level 3 spell: Swiftness
 44939 | Vaults:1 | Entered Level 1 of the Vaults
 45061 | Vaults:1 | Reached skill level 1 in Air Magic
 45823 | Vaults:1 | Reached XP level 19. HP: 108/108 MP: 31/46
 47991 | Vaults:2 | Found a staircase to the Crypt.
 48009 | Vaults:2 | Identified the +0 leather armour of the Sailor {Str+3 Int+3
                  | Dex+3}
 48060 | Vaults:2 | Found Yddidops's Assorted Antiques.
 48096 | Vaults:2 | Bought a pair of translucent boots for 370 gold pieces
 48096 | Vaults:2 | Identified the +4 pair of boots of Raucw {*Slow rF+ Regen+}
                  | (You bought it in a shop on level 2 of the Vaults)
 48096 | Vaults:2 | Bought a scroll of enchant armour for 292 gold pieces
 48096 | Vaults:2 | Bought a potion of brilliance for 156 gold pieces
 48134 | Vaults:2 | Identified the +3 dagger "Kon Wuxtu" {flame, rCorr Int+3
                  | Dex+2}
 48135 | Vaults:2 | Identified the +0 leather armour of Impatience {Str+3 Dex+3
                  | SInv}
 48536 | Vaults:2 | Noticed Asterion
 48545 | Vaults:2 | Killed Asterion
 48661 | Vaults:2 | Reached skill level 10 in Fighting
 49000 | D:10     | Bought a potion of mutation for 200 gold pieces
 49140 | Orc:2    | Found Ruep's Jewellery Shoppe.
 49148 | Orc:2    | Found a radiant altar of Vehumet.
 49152 | Orc:2    | Found Biseb's Magic Scroll Shoppe.
 49160 | Orc:2    | Bought a scroll of teleportation for 42 gold pieces
 49160 | Orc:2    | Bought a scroll of teleportation for 42 gold pieces
 49160 | Orc:2    | Bought a scroll of teleportation for 42 gold pieces
 49160 | Orc:2    | Bought a scroll of silence for 133 gold pieces
 49160 | Orc:2    | Bought a scroll of amnesia for 56 gold pieces
 49162 | Orc:2    | Found an ancient bone altar of Kikubaaqudgha.
 49307 | Orc:2    | Found a staircase to the Elven Halls.
 49493 | Orc:2    | Found Ziximm's Antique Weapon Shoppe.
 49500 | Orc:2    | Found Ajilempe's Magic Scroll Emporium.
 49607 | Orc:2    | Found Ischodd's Jewellery Shoppe.
 49607 | Orc:2    | Found Voiboyce's Antique Weapon Emporium.
 49609 | Orc:2    | Found Vuridul's Assorted Antiques.
 49609 | Orc:2    | Found Aqaekinu's General Store.
 49777 | Orc:2    | Bought a +2 helmet of see invisible for 344 gold pieces
 49805 | Orc:2    | Bought a glowing buckler for 180 gold pieces
 49805 | Orc:2    | Bought a runed robe for 88 gold pieces
 49805 | Orc:2    | Bought a glimmering leather armour for 168 gold pieces
 49805 | Orc:2    | Identified the +2 leather armour of Vlad {rPois Dex+2
                  | Stlth+} (You bought it in a shop on level 2 of the Orcish
                  | Mines)
 49805 | Orc:2    | Bought a glowing cloak for 180 gold pieces
 50341 | Temple   | Fell from the grace of Gozag
 50341 | Temple   | Became a worshipper of Sif Muna the Loreminder
 50904 | Crypt:1  | Entered Level 1 of the Crypt
 51920 | Crypt:1  | Learned a level 4 spell: Dispel Undead
 51927 | Crypt:1  | Reached * piety under Sif Muna
 52761 | Crypt:1  | Reached ** piety under Sif Muna
 54115 | Crypt:2  | Reached XP level 20. HP: 117/117 MP: 2/49
 54617 | Crypt:2  | Reached *** piety under Sif Muna
 54808 | Crypt:2  | Acquired 499 gold pieces
 55219 | Crypt:2  | Found a runed translucent gate.
 55219 | Crypt:2  | Found a runed translucent gate.
 55219 | Crypt:2  | Found a runed translucent gate.
 55219 | Crypt:2  | Noticed Bihem's ghost (veteran FoFi)
 55221 | Crypt:2  | Identified the +1 kite shield of Golden Music {Dex+4}
 55651 | Crypt:2  | Found an iron altar of Okawaru.
 55677 | Crypt:3  | Entered Level 3 of the Crypt
 55925 | Crypt:3  | Reached **** piety under Sif Muna
 56252 | Crypt:3  | Found a runed translucent gate.
 56540 | Crypt:3  | Noticed a curse toe
 56572 | Crypt:3  | Killed a curse toe
 58344 | Crypt:3  | Noticed Rolofrus's ghost (veteran FoFi)
 58345 | Crypt:3  | Found a runed translucent gate.
 58345 | Crypt:3  | Found a runed translucent gate.
 58345 | Crypt:3  | Noticed Roocroe's ghost (veteran MiGl)
 58349 | Crypt:3  | Noticed Rolofrus's ghost (veteran FoFi)
 58707 | Crypt:3  | Found a staircase to the Tomb.
 58798 | Crypt:3  | Noticed a dread lich
 58799 | Crypt:3  | Noticed an ancient lich
 58883 | Crypt:3  | Identified the amulet "Venao" {Acrobat Will+ SInv}
 58890 | Crypt:3  | Killed an ancient lich
 58902 | Crypt:3  | Killed a dread lich
 59039 | Crypt:3  | Identified the ring "Jumot" {Will+ Str+4 Int+2 Dex+6}
 59046 | Crypt:3  | Identified the ring "Utru" {rElec rN+}
 59046 | Crypt:3  | Identified the ring of Cuwaleyn {rPois rN+ Str+3}
 59046 | Crypt:3  | Identified the ring of Ucofief {+Blink rN+ Dex+4}
 59050 | Crypt:3  | Identified the +4 short sword of Kismet {venom, *Noise
                  | rPois Will+++ Str+4}
 59343 | D:13     | Bought Great Wizards, Vol. II for 494 gold pieces
 59349 | D:13     | Learned a level 5 spell: Borgnjor's Vile Clutch
 59499 | Spider:1 | Entered Level 1 of the Spider Nest
 59527 | Spider:1 | Reached skill level 1 in Earth Magic
 59923 | Spider:1 | Reached ***** piety under Sif Muna
 60019 | Spider:1 | Received a gift from Sif Muna
 60196 | Spider:1 | Got Xusulapp's Papyrus of Evil Deeds and Superposition {god
                  | gift}
 60327 | Spider:1 | Acquired the +1 cloak of Starlight {*Dazzle EV+4 Stlth--}
 60327 | Spider:1 | Found the +1 cloak of Starlight {*Dazzle EV+4 Stlth--}
 60360 | Spider:1 | Identified the +4 ring mail of Cyvu {Dex+5}
 60376 | Spider:1 | Got the Book of Frostbound Trauma
 60418 | Spider:1 | Identified the +1 leather armour of Ypsesmei {Slay+3}
 63223 | Spider:4 | Entered Level 4 of the Spider Nest
 63227 | Spider:4 | Reached XP level 21. HP: 122/122 MP: 44/51
 63789 | Spider:4 | Received a gift from Sif Muna
 63790 | Spider:4 | Got Sif Muna's Compilation of Dusty Darkness {god gift}
 63946 | Spider:4 | Reached skill level 5 in Earth Magic
 64093 | Spider:4 | Identified the +5 plate armour of Theory {rC+ rN+}
 64543 | Spider:4 | Reached skill level 5 in Stealth
 65393 | Spider:4 | Was forgiven by Gozag
 66067 | Spider:4 | Got a gossamer rune of Zot
 66336 | Slime:1  | Entered Level 1 of the Pits of Slime
 66822 | Slime:1  | Received a gift from Sif Muna
 66934 | Slime:1  | Got Sif Muna's Intricacies of Spellweaving {god gift}
 66943 | Lair:4   | Learned a level 5 spell: Lee's Rapid Deconstruction
 67853 | Slime:2  | Received a gift from Sif Muna
 67975 | Slime:2  | Got Sif Muna's Incunable of Blasts and Feathers {god gift}
 68589 | Slime:2  | Gained mutation: Your magical capacity is low. (-10% MP) [a
                  | shining eye]
 69158 | Slime:4  | Reached skill level 10 in Necromancy
 69160 | Slime:4  | Reached skill level 5 in Transmutations
 69161 | Slime:4  | Received a gift from Sif Muna
 69198 | Slime:4  | Gained mutation: You are dopey. (Int -2) [a shining eye]
 69291 | Slime:4  | Got Sif Muna's Octavo of the Wild Volcano {god gift}
 69498 | Slime:3  | Noticed Dissolution
 69505 | Slime:3  | Killed Dissolution
 69963 | Slime:5  | Entered Level 5 of the Pits of Slime
 70137 | Slime:5  | Noticed the Royal Jelly
 70141 | Slime:5  | Killed the Royal Jelly
 70142 | Slime:5  | Reached XP level 22. HP: 127/127 MP: 25/48
 71082 | Slime:5  | Received a gift from Sif Muna
 71604 | Slime:5  | Identified the staff of conjuration "Xatom" {rF- Int+4
                  | Dex+6}
 71613 | Slime:5  | Identified the +2 robe "Mahiret" {rCorr Str+2 Dex+2}
 71617 | Slime:5  | Got the Tome of Disjunct Arcane Weapons
 71639 | Slime:5  | Identified the ring of Sitiylio {Fly rElec rN+++ MP+9
                  | Dex-3}
 71641 | Slime:5  | Identified the ring of Detos {Fly rElec rC- Slay+5}
 71671 | Slime:5  | Identified the +0 broad axe of Vusice {freeze, Str+5 Dex+3}
 71673 | Slime:5  | Got a slimy rune of Zot
 71697 | Slime:5  | Identified the +2 cloak of Kadawn {Contam Rampage rC+}
 71700 | Slime:5  | Identified the +9 mace of Sunlight {holy, *Noise Str+6
                  | Int+3 Stlth+}
 71704 | Slime:5  | Identified the +1 executioner's axe "Backscratcher" {heavy,
                  | Str+2}
 73790 | Vaults:3 | Found Jiferoyqub's Antique Weapon Boutique.
 74025 | Vaults:3 | Found Bacyumoi's Jewellery Shop.
 74127 | Vaults:3 | Received a gift from Sif Muna
 74238 | Vaults:3 | Got Lehudib's Meditations on Wounds {god gift}
 74345 | Vaults:3 | Reached skill level 27 in Spellcasting
 75109 | Vaults:3 | Received a gift from Sif Muna
 75655 | Vaults:3 | Found Caoteumu's Antique Armour Emporium.
 75662 | Vaults:3 | Bought a brightly glowing scarf for 420 gold pieces
 75662 | Vaults:3 | Identified the scarf of Somewhere Else {repulsion, Harm
                  | rPois Str-3} (You bought it in a shop on level 3 of the
                  | Vaults)
 75682 | Vaults:3 | Found Saka Fyr's Antique Armour Emporium.
 76710 | Vaults:4 | Received a gift from Sif Muna
 76922 | Vaults:4 | Got Sif Muna's Tome of Bad Luck {god gift}
 76964 | Vaults:4 | Reached XP level 23. HP: 121/132 MP: 46/50
 77232 | Vaults:4 | Found Xefomeg's Armour Emporium.
 78115 | Vaults:4 | Identified the +1 short sword "Joeclipa" {drain, rElec
                  | rPois Dex+3}
 78132 | Vaults:4 | Identified the +5 falchion of Sonotal {pain, Will+ rCorr
                  | Int+2 Dex-3}
 78578 | Crypt:2  | Received a gift from Sif Muna
 78589 | Crypt:2  | Killed Bihem's ghost
 78716 | Crypt:2  | Got Sif Muna's Enchiridion on the Wayfarer and Fascination
                  | {god gift}
 78836 | Crypt:3  | Killed Rolofrus's ghost
 78836 | Crypt:3  | Reached ****** piety under Sif Muna
 78846 | Crypt:3  | Killed Roocroe's ghost
 78851 | Crypt:3  | Killed Rolofrus's ghost
 79009 | Crypt:3  | Identified the +4 plate armour of Idghuc {Will- Int+8}
 79307 | Depths:1 | Entered Level 1 of the Depths
 79315 | Depths:1 | Reached skill level 15 in Shields
 81261 | Elf:2    | You paid a toll of +4 ice dragon scales to enter a treasure
                  | trove
 81262 | Trove    | Entered a treasure trove
 81312 | Trove    | Identified the +0 tower shield of the Pink Corner {Rampage
                  | rPois rF- Str+3}
 81314 | Trove    | Identified the orb of Happy Babbling {mayhem, Str+4}
 81774 | Depths:1 | Found a gateway to Hell.
 81910 | Depths:1 | Found a stormy altar of Qazlal.
 82120 | Depths:2 | Received a gift from Sif Muna
 82772 | Depths:2 | Got Sif Muna's Spellbook of the Massed Jinx {god gift}
 82890 | Depths:2 | Found a one-way gate leading to the halls of Pandemonium.
 83544 | Depths:2 | Received a gift from Sif Muna
 83545 | Depths:2 | Reached skill level 27 in Fire Magic
 83687 | Depths:2 | Lost mutation: Your magical capacity is low. (-10% MP)
                  | [potion of mutation]
 83687 | Depths:2 | Lost mutation: You passively map a small area around you.
                  | [potion of mutation]
 83687 | Depths:2 | Gained mutation: You have sharp toenails. [potion of
                  | mutation]
 83687 | Depths:2 | Gained mutation: Potions are less effective at restoring
                  | your health. [potion of mutation]
 83687 | Depths:2 | Lost mutation: You are dopey. (Int -2) [potion of mutation]
 83688 | Depths:2 | Lost mutation: You have sharp toenails. [potion of
                  | mutation]
 83688 | Depths:2 | Lost mutation: Potions are less effective at restoring your
                  | health. [potion of mutation]
 83688 | Depths:2 | Gained mutation: You occasionally lose the ability to read
                  | scrolls when taking damage. [potion of mutation]
 83688 | Depths:2 | Gained mutation: Your mind is acute. (Int +4, Str/Dex -1)
                  | [potion of mutation]
 83688 | Depths:2 | Gained mutation: Your muscles are strong. (Str +4, Int/Dex
                  | -1) [potion of mutation]
 83958 | Depths:3 | Found a one-way gate to the infinite horrors of the Abyss.
 83963 | Depths:3 | Paralysed by a floating eye for 3 turns
 84031 | Depths:3 | Noticed a juggernaut
 84037 | Depths:3 | Killed a juggernaut
 84038 | Depths:3 | Reached XP level 24. HP: 137/137 MP: 23/56
 84301 | Depths:3 | Identified the ring "Vado" {rCorr Dex+6 SInv}
 84444 | Depths:3 | Identified the +2 robe "Jugoi" {rPois rF- rCorr Int-3}
 84444 | Depths:3 | Identified the ring "Gialykki" {rN+ AC+4 Str+4 Stlth+}
 84730 | Depths:3 | You fall into a shaft and drop 1 floor!
 84730 | Depths:4 | Entered Level 4 of the Depths
 84753 | Depths:3 | Found a one-way gateway to a ziggurat.
 84763 | Depths:3 | Received a gift from Sif Muna
 84841 | Depths:3 | Got Sif Muna's Tractate on Frozen Execration {god gift}
 85555 | Depths:3 | Found a glowing silver altar of Zin.
 85622 | Depths:3 | Found a shadowy altar of Dithmenos.
 85622 | Depths:3 | Found a broken altar of Ashenzari.
 85622 | Depths:3 | Found a shimmering blue altar of Sif Muna.
 87767 | Depths:4 | Found a gate to the Realm of Zot.
 88637 | Vaults:5 | Entered Level 5 of the Vaults
 88638 | Vaults:5 | Received a gift from Sif Muna
 89011 | Hell     | Entered the Vestibule of Hell
 89011 | Hell     | Noticed Geryon
 89023 | Hell     | Killed Geryon
 89196 | Hell     | Received a gift from Sif Muna
 89748 | Vaults:5 | Reached XP level 25. HP: 138/145 MP: 31/56
 89760 | Vaults:5 | Identified the +4 shortbow "Kipud" {drain, Will+ rCorr
                  | Stlth+}
 89770 | Vaults:5 | Reached skill level 15 in Dodging
 89772 | Vaults:5 | Received a gift from Sif Muna
 90164 | Vaults:5 | Got Sif Muna's Handbook of Frore Vicissitude {god gift}
 90348 | Vaults:5 | Identified the amulet of Mirth {Acrobat rElec rPois Will-
                  | Dex+4}
 90466 | Vaults:5 | Identified the +6 rapier of the Swamp {heavy, rCorr Str+2}
 90477 | Vaults:5 | Identified the +1 pair of boots "Mavuji" {rC+ Slay+5}
 90483 | Vaults:5 | Identified the staff of earth "Mytzumif" {+Blink Will++
                  | Str-4 Int+3}
 90554 | Vaults:5 | Noticed a dread lich
 90559 | Vaults:5 | Killed a dread lich
 90767 | Vaults:5 | Got a silver rune of Zot
 91381 | Vaults:5 | Got the Quarto of Generation and Fog
 91481 | Vaults:5 | Noticed an ancient lich
 91489 | Vaults:5 | Killed an ancient lich
 92716 | Hell     | Received a gift from Sif Muna
 93298 | Hell     | Got Uriag Omixzo's Writings on the Mutable Discharge {god
                  | gift}
 93353 | Hell     | Got Busuucux's Discursus on the Discontinuous Band {god
                  | gift}
 93396 | Hell     | Found a gateway to the decaying netherworld of Tartarus.
 93480 | Hell     | Found a gateway to the ashen valley of Gehenna.
 93624 | Hell     | Found a gateway to the Iron City of Dis.
 93674 | Hell     | Found a gateway to the freezing wastes of Cocytus.
 94217 | Hell     | Found a gateway to the decaying netherworld of Tartarus.
 94270 | Hell     | Found a gateway to the ashen valley of Gehenna.
 94378 | Hell     | Found a gateway to the Iron City of Dis.
 94428 | Hell     | Found a gateway to the freezing wastes of Cocytus.
 94524 | Depths:3 | Voluntarily entered the Abyss.
 94811 | Depths:3 | Escaped the Abyss
 94974 | Depths:3 | Voluntarily entered the Abyss.
 95007 | Abyss:3  | Received a gift from Sif Muna
 95050 | Abyss:3  | Got Eckawaom's Folio of Captivating Bringing Forth {god
                  | gift}
 95052 | Depths:3 | Escaped the Abyss
 95152 | Depths:3 | Voluntarily entered the Abyss.
 95152 | Abyss:3  | Found a corrupted altar of Lugonu.
 95196 | Depths:3 | Escaped the Abyss
 95319 | Depths:3 | Voluntarily entered the Abyss.
 95450 | Abyss:4  | Reached skill level 15 in Conjurations
 95479 | Abyss:4  | Found a corrupted altar of Lugonu.
 95511 | Abyss:4  | Got an abyssal rune of Zot
 95572 | Depths:3 | Escaped the Abyss
 95848 | Depths:3 | Learned a level 9 spell: Fire Storm
 95900 | Zot:1    | Entered Level 1 of the Realm of Zot
 96870 | Zot:1    | Received a gift from Sif Muna
 97015 | Zot:1    | Got Sif Muna's Catalogue of the Tropics and Leadership {god
                  | gift}
 97551 | Zot:2    | Reached XP level 26. HP: 152/152 MP: 5/56
 99425 | Zot:3    | Found a runed translucent door.
 99425 | Zot:3    | Noticed Sofait's ghost (legendary GnFE)
100246 | Zot:4    | Noticed an orb of fire
100248 | Zot:4    | Gained mutation: You are frail. (-10% HP) [an orb of fire]
100316 | Zot:4    | Gained mutation: Armour fits poorly on your strangely
                  | shaped body. [an orb of fire]
100317 | Zot:4    | Gained mutation: You are very frail. (-20% HP) [an orb of
                  | fire]
100319 | Zot:4    | Killed an orb of fire
100632 | Vaults:5 | Lost mutation: Armour fits poorly on your strangely shaped
                  | body. [potion of mutation]
100632 | Vaults:5 | Lost mutation: Your mind is acute. (Int +4, Str/Dex -1)
                  | [potion of mutation]
100632 | Vaults:5 | Lost mutation: You occasionally lose the ability to read
                  | scrolls when taking damage. [potion of mutation]
100632 | Vaults:5 | Gained mutation: You are partially covered in iridescent
                  | scales. (AC +2) [potion of mutation]
100632 | Vaults:5 | Gained mutation: You have a pair of small horns on your
                  | head. [potion of mutation]
100632 | Vaults:5 | Gained mutation: Your spells are a little easier to cast,
                  | but a little less powerful. [potion of mutation]
100632 | Vaults:5 | Gained mutation: You expend magic power (3 MP) to
                  | strengthen your wands. [potion of mutation]
101722 | Zot:4    | Learned a level 8 spell: Lehudib's Crystal Spear
102224 | Zot:5    | Entered Level 5 of the Realm of Zot
102541 | Zot:5    | Reached skill level 10 in Earth Magic
102557 | Zot:5    | Noticed an orb of fire
102557 | Zot:5    | Noticed an orb of fire
102680 | Zot:5    | Noticed an orb of fire
102680 | Zot:5    | Noticed an orb of fire
102684 | Zot:5    | Gained mutation: Armour fits poorly on your strangely
                  | shaped body. [an orb of fire]
102849 | Zot:5    | Killed an orb of fire
102849 | Zot:5    | Killed an orb of fire
102862 | Zot:5    | Noticed a dread lich
102864 | Zot:5    | Killed a dread lich
102896 | Zot:5    | Noticed an orb of fire
102907 | Zot:5    | Killed an orb of fire
102962 | Zot:5    | Gained mutation: You are dopey. (Int -2) [an orb of fire]
102971 | Zot:5    | Killed an orb of fire
103183 | Zot:5    | Killed an orb of fire
103184 | Zot:5    | Reached XP level 27. HP: 108/125 MP: 18/56
103192 | Zot:5    | Learned a level 7 spell: Spellforged Servitor
103222 | Zot:5    | Reached skill level 1 in Summonings
103225 | Zot:5    | Noticed an orb of fire
103523 | Zot:5    | Noticed a dread lich
103527 | Zot:5    | Killed a dread lich
103562 | Zot:5    | Lost mutation: Your muscles are strong. (Str +4, Int/Dex
                  | -1) [an orb of fire]
103563 | Zot:5    | Killed an orb of fire
103767 | Zot:5    | Noticed an orb of fire
103769 | Zot:5    | Noticed a dread lich
103772 | Zot:5    | Gained mutation: You occasionally lose the ability to read
                  | scrolls when taking damage. [an orb of fire]
103774 | Zot:5    | Killed an orb of fire
103778 | Zot:5    | Killed a dread lich
103779 | Zot:5    | Reached skill level 5 in Summonings
104134 | Zot:5    | Noticed an orb of fire
104136 | Zot:5    | Gained mutation: You sometimes lose your temper in combat.
                  | [an orb of fire]
104141 | Zot:5    | Killed by miscasting Lehudib's Crystal Spear

Illustrated notes

Levels and vault maps discovered:
D:1:      nzn_arrival_depleted_hourglass, layout_basic,
          dreamdust_ecumenical_altar_angels_and_demons, kennysheep_small_spiral,
          minmay_tetromino_l2
D:2:      layout_basic, basic_altar, minmay_tripent
D:3:      layout_loops_ring, minmay_misc_feat_ornament,
          chequers_serial_rivers_room_a, dk_vineyard_2, minmay_misc_feat_columns
D:4:      layout_rooms, serial_shops, shop
D:5:      layout_loops_corners, mainiacjoe_overflow_alcove_3,
          pdpol_wu_jian_five_deadly_venoms, uniq_sigmund
D:6:      layout_loops_ring, hellmonk_guarded_unrand_hermit, uniq_edmund
D:7:      layout_cave_pools, lemuel_doored_altar, nemelex_diamond_rough_becter,
          lemuel_temple_firewalk_a, nicolae_titane, uniq_duvessa, uniq_pikel,
          uniq_crazy_yiuf_cottage
D:8:      layout_basic, serial_shops, shop, uniq_maggie, uniq_amaemon
D:9:      layout_rooms, mainiacjoe_overflow_concentric_impassable, uniq_grum
D:10:     layout_cave_pools, hiddenorc2_lemuel, serial_column_ruins,
          column_ruins_hut_pillars, column_ruins_grid_4, column_ruins_open_tiny,
          column_ruins_columns_straight, column_ruins_columns_dead_end,
          column_ruins_columns_T, column_ruins_open_small, serial_shops,
          nicolae_shop_dealshenge, chequers_serial_rivers_large_b,
          lightli_wizard_tower, uniq_sonja, uniq_josephine, uniq_erolcha
D:11:     layout_basic, grunt_lair_entry_orc_guard_hut,
          minmay_misc_feat_hallway, kiku_gazebo_garden_becter
D:12:     layout_gridville
D:13:     layout_cave_pools, grunt_vaults_entry_tiered, serial_shops, shop,
          nicolae_shop_waterfront, chequers_serial_rivers_room_a,
          einodemon_barbed_minivault, uniq_azrael, uniq_rupert
D:14:     layout_big_octagon
D:15:     hangedman_depths_entry_civil_slaughter, layout_irregular_city,
          nicolae_benzene_ring
Temple:   zaba_magenta_temple
Lair:1:   dragon1_lemuel, layout_hall_layers, gauntlet_entry_generic,
          serial_bayou_shore_a, grunt_megastairs_4, infiniplex_staircase_pool,
          uniq_urug
Lair:2:   layout_roguey, spider_nest_entry_rubble, basic_altar,
          beast_lair_carwin_1
Lair:3:   layout_small_grid, nicolae_shoals_entry_flooding,
          nicolae_lair_lakeside_cave
Lair:4:   layout_concentric_octagons, slime_entry_1, uniq_nessos
Lair:5:   minmay_lair_end_frog_pond, layout_layer_cave,
          portal_ice_cave_entry_ice_simulacra, roderic_batcave,
          serial_bayou_pond_a
Shoals:1: layout_shoals, serial_shops, nicolae_shop_rolled_up,
          nicolae_shop_firing_range
Shoals:2: layout_shoals, nicolae_shoals_beach_cooler, uniq_polyphemus
Shoals:3: layout_shoals, nicolae_shoals_wave_tunnel
Shoals:4: shoals_end_simple, layout_shoals, serial_shops,
          nicolae_shop_real_fake_doors, shop, shop
Spider:1: layout_spider_delve, worms_lemuel
Spider:2: layout_spider_delve
Spider:3: layout_spider_delve
Spider:4: grunt_spider_rune_circles, nicolae_spider_bzzzt
Slime:1:  layout_caves, cheibrodos_slime_lost_civilization_4
Slime:2:  layout_caves
Slime:3:  layout_caves, uniq_dissolution
Slime:4:  layout_caves
Slime:5
Orc:1:    layout_diamond_mine, uniq_jorgrun
Orc:2:    kennysheep_orc_mage_school, layout_caves, elves_outpost_lemuel
Elf:1:    eino_elf_arrival_altar, layout_gridlike, hangedman_elf_disciples,
          uniq_frances
Elf:2:    elven_hall_of_blades_hangedman_original
          [nicolae_blade_entry_pointy_end], layout_loops_ring,
          hellmonk_ghost_big_iron, enter_trove_3
Elf:3:    elf_hall, layout_onion_city, minmay_shop_grove
Vaults:1: nicolae_vaults_stairing_the_circle, serial_ice_b,
          nicolae_vaults_sesquioval_fish, vaults_room_pools,
          nicolae_vaults_alarming, layout_vaults_omnigrid
Vaults:2: v_misc_27, nicolae_vaults_trapezoid_3,
          nicolae_vaults_closet_pinwheel_3, v_rooms_6,
          nicolae_vaults_storage_room_doors, minmay_crypt_entry_vampire_xt,
          v_misc_13, nicolae_vaults_triangles, nicolae_vaults_tangram_2,
          hangedman_vaults_variations, nicolae_vaults_apartment_2,
          nicolae_vaults_storing_the_good_stuff, nicolae_vaults_trapezoid_1,
          nicolae_vaults_three_branches, nicolae_vaults_tetromino_Z_1,
          layout_vaults_ring, serial_shops, shop, uniq_asterion
Vaults:3: vaults_standard_mumra_x, vaults_standard_mumra_lines,
          nicolae_vaults_tangram_1, vaults_mumra_hex, v_misc_10,
          vaults_room_guarded_vault, v_pattern_3, v_alt_pattern_2,
          layout_vaults_big_room, serial_shops, shop, nicolae_shop_peninsula,
          shop, shop
Vaults:4: nicolae_vaults_storage_room_glass, ontoclasm_vaults_tryst,
          nicolae_vaults_tangram_2, nicolae_vaults_weapon_check,
          nicolae_vaults_shrinking_rooms_1, grunt_vaults_hallway_long,
          hangedman_vaults_maws, nicolae_vaults_gold_heap,
          hangedman_vaults_restitches, vaults_dpeg_cross, vaults_dpeg_hooks,
          nicolae_vaults_layer_cake_slice, nicolae_vaults_network_square,
          nicolae_vaults_taking_the_gang_shopping, ontoclasm_vaults_shout,
          layout_vaults_maze_snakey
Vaults:5: serial_shops
Crypt:1:  layout_rooms, lemuel_upstairs_altar, grunt_megastairs_1,
          grunt_crypt_arrival_webbed
Crypt:2:  layout_misc_corridors, gammafunk_ghost_fury_of_okawaru,
          serial_sigils_hangedman_writhe
Crypt:3:  david_glass_crypt, layout_misc_corridors,
          nicolae_tomb_entry_grand_gallery, gammafunk_ghost_cemetery,
          corexii_leaking_fountain
Depths:1: layout_cave_pools, hell_entry, infiniplex_staircase_pool_lava,
          hangedman_glass_teeth, nicolae_qazlal_general_emergency
Depths:2: minmay_containers, layout_cave_shapes, rand_demon_pan_entry_9,
          hell_entry
Depths:3: minmay_the_grid_octo_tiled_octocenter_mashed
          [minmay_the_grid_octo_pinwheel, minmay_the_grid_octo_empty,
          minmay_the_grid_octo_shrine, minmay_the_grid_octo_fan_narrow,
          minmay_the_grid_octo_prize_square_snowflake,
          minmay_the_grid_square_5x5_eight_small,
          minmay_the_grid_square_5x5_fat_x,
          minmay_the_grid_square_5x5_three_small,
          minmay_the_grid_square_5x5_six], layout_cave_pools, enter_ziggurat_c,
          abyss_entry, hell_entry, nicolae_concentric_dashed_squares_wild,
          serial_bayou_shore_b
Depths:4: grunt_zot_entry_pinwheel, layout_gridlike, rand_demon_pan_entry_7,
          abyss_entry, pf_coc_iceberg, glass_columns_b, roderic_malta_cross
Hell
Zot:1:    layout_gridlike, grunt_ministairs_7, st_stairs_4
Zot:2:    layout_concentric_octagons, grunt_megastairs_3, uniq_josephina
Zot:3:    layout_onion, gammafunk_ghost_grave, grunt_megastairs_2
Zot:4:    layout_misc_corridors, lemuel_baited_zot_trap, guppyfry_library_mini
Zot:5:    layout_cathedral_of_symmetry

Skill      XL: |  1  2  3  4  5  6  7  8  9 10 11 12 13 14 15 16 17 18 19 20 21 22 23 24 25 26 27 |
---------------+----------------------------------------------------------------------------------+-----
Spellcasting   | 4 5 6 8 10 12 15 16 17 18 20 21 23 24 25 27 | 27.0
Conjurations   | 5 6 7 10 13 16 20 21 | 21.2
Dodging        | 3 7 8 10 14 17 | 17.1
Fighting       | 1 4 5 7 8 10 11 12 | 12.2
Hexes          | 6 10 12 13 | 13.0
Translocations | 3 7 |  7.0
Fire Magic     | 2 6 13 17 18 20 21 22 23 24 27 | 27.0
Transmutations | 3 5 |  5.0
Armour         | 4 6 7 |  7.0
Shields        | 4 6 9 10 11 12 14 15 16 | 16.4
Evocations     | 2 3 5 |  5.0
Necromancy     | 5 9 10 | 10.0
Air Magic      | 3 |  3.0
Earth Magic    | 3 7 11 12 | 12.0
Stealth        | 3 6 |  6.0
Summonings     | 5 |  5.0

Action                     |  1- 3 |  4- 6 |  7- 9 | 10-12 | 13-15 | 16-18 | 19-21 | 22-24 | 25-27 || total
---------------------------+-------+-------+-------+-------+-------+-------+-------+-------+-------++-------
  Melee: Mace              |       |       |       |    22 |    29 |       |       |       |       ||    51
         Punch             |       |       |       |     1 |       |       |       |       |       ||     1
         Dagger            |       |       |       |       |       |     2 |       |       |       ||     2
         Staff             |       |       |       |       |       |     3 |    15 |    20 |     7 ||    45
   Cast: Magic Dart        |    77 |    91 |    64 |    41 |   117 |    29 |    88 |    20 |     3 ||   530
         Searing Ray       |     2 |     7 |    66 |    19 |    41 |    37 |     5 |     2 |     2 ||   181
         Fulminant Prism   |       |       |     9 |   143 |   296 |   360 |   393 |    85 |    65 ||  1351
         Iskenderun's Myst |       |       |     6 |    83 |   146 |   181 |   199 |    95 |   134 ||   844
         Tukima's Dance    |       |       |     2 |     8 |     2 |    22 |     2 |    12 |     1 ||    49
         Gell's Gravitas   |       |       |     1 |     8 |     9 |     6 |     3 |       |       ||    27
         Yara's Violent Un |       |       |       |     4 |    13 |    37 |    10 |     8 |     8 ||    80
         Starburst         |       |       |       |       |    17 |   121 |   328 |   136 |    69 ||   671
         Ignition          |       |       |       |       |     2 |       |    25 |   191 |   141 ||   359
         Sublimation of Bl |       |       |       |       |       |     9 |    68 |    55 |    91 ||   223
         Blink             |       |       |       |       |       |     1 |    13 |     6 |     3 ||    23
         Dispel Undead     |       |       |       |       |       |       |    47 |    20 |     8 ||    75
         Borgnjor's Vile C |       |       |       |       |       |       |     3 |     7 |       ||    10
         Lee's Rapid Decon |       |       |       |       |       |       |    11 |   178 |   151 ||   340
         Passage of Golubr |       |       |       |       |       |       |     3 |     2 |       ||     5
         Swiftness         |       |       |       |       |       |       |     1 |     1 |       ||     2
         Fire Storm        |       |       |       |       |       |       |       |       |    50 ||    50
         Lehudib's Crystal |       |       |       |       |       |       |       |       |    15 ||    15
         Spellforged Servi |       |       |       |       |       |       |       |       |     5 ||     5
 Invoke: Call Merchant     |       |       |       |       |     4 |       |     2 |       |       ||     6
         Channel Magic     |       |       |       |       |       |       |       |     1 |     5 ||     6
         Forget Spell      |       |       |       |       |       |       |       |       |     3 ||     3
  Evoke: Wand              |       |       |       |    12 |     1 |     1 |       |     1 |       ||    15
         Phial of floods   |       |       |       |     1 |     2 |     2 |     1 |       |     1 ||     7
         Lightning rod     |       |       |       |       |     3 |     5 |     1 |       |     5 ||    14
         Phantom mirror    |       |       |       |       |       |     3 |     1 |       |       ||     4
         Box of beasts     |       |       |       |       |       |       |     1 |       |       ||     1
    Use: Scroll            |       |       |     1 |    21 |    17 |     1 |     5 |     4 |       ||    49
         Potion            |       |       |       |     9 |     2 |     9 |     2 |     4 |     8 ||    34
   Stab: Distracted        |       |       |       |       |     1 |       |       |       |       ||     1
 Armour: Robe              |       |     1 |     6 |       |       |       |       |       |       ||     7
         Ring mail         |       |       |     2 |    49 |    37 |    12 |       |       |       ||   100
         Leather armour    |       |       |       |       |       |    42 |    89 |    57 |    40 ||   228
  Dodge: Dodged            |     4 |     6 |    54 |   100 |   141 |   103 |   155 |   119 |   187 ||   869
         Repelled          |       |       |       |     1 |       |       |       |       |       ||     1
  Block: Kite shield       |       |       |       |       |    14 |   102 |       |       |       ||   116
         Tower shield      |       |       |       |       |       |    26 |   602 |   365 |   294 ||  1287
